AoeStats
← AiM | CyclopsTron

Arena

507632695Analyzed
4v4 RM · 12d ago on Sep 19, 2026· 52m 56s· 8 players
Game mode
Random Map
Map size
Large (8 player)
Population
200
Speed
Normal
Resources
Standard
Victory
Conquest
Starting age
Dark Age
Ending age
Imperial Age
RankedLock teamsTeams togetherTeam positionsShared explorationLock speedFull tech treeHidden civsTurbo modeCheats
Victory
Defeat
🇲🇽 Teutons · Mexico
1659
+12
🇵🇪 Burgundians · Peru
1651
+12
🇦🇷 Spanish · Argentina
1494
+19
🇦🇷 Burmese · Argentina
1493
+19
🇺🇸 Slavs · United States
1576
-16
🇵🇱 Poles · Poland
1564
-16
🇻🇳 Bulgarians · Vietnam
1554
-15
🇹🇼 Spanish · Taiwan
1549
-15
lilzombieross
10:43 Feudal Age
9:17 Loom
14:18 Castle Age
13:02 Double-Bit Axe
13:49 Horse Collar
16:00 Bow Saw
17:35 Loom
19:58 Gold Mining
20:32 Scale Barding Armor
22:23 Bloodlines
22:52 Husbandry
23:08 Light Cavalry
26:56 Heavy Plow
29:23 Wheelbarrow
32:30 Imperial Age
30:25 Chain Barding Armor
31:29 Gold Shaft Mining
31:10 Forging
32:13 Hand Cart
33:50 Plate Barding Armor
32:36 Cavalier
35:27 Iron Casting
37:34 Blast Furnace
37:59 Two-Man Saw
37:29 Pikeman
38:43 Scale Mail Armor
38:54 Squires
38:14 Halberdier
40:06 Chain Mail Armor
41:13 Plate Mail Armor
45:51 Chemistry
45:23 Druzhina
45:44 Conscription
45:18 Onager
49:43 Fletching
49:54 Padded Archer Armor
50:08 Masonry
51:58 Detinets
52:34 Hoardings
AfricanNija
9:26 Loom
11:12 Feudal Age
13:16 Fletching
15:33 Double-Bit Axe
15:29 Horse Collar
25:44 Castle Age
23:40 Stone Mining
27:55 Bow Saw
27:46 Heavy Plow
28:01 Bodkin Arrow
31:27 Wheelbarrow
30:44 Gold Mining
32:00 Forging
34:00 Scale Mail Armor
42:12 Imperial Age
39:59 Hand Cart
39:30 Town Watch
40:01 Pikeman
40:42 Squires
40:59 Chain Mail Armor
41:20 Iron Casting
40:51 Scale Barding Armor
41:32 Bloodlines
41:23 Husbandry
41:33 Szlachta Privileges
41:00 Light Cavalry
43:18 Chain Barding Armor
43:59 Blast Furnace
43:11 Cavalier
43:17 Pikeman
44:59 Bracer
45:16 Siege Engineers
45:10 Murder Holes
45:26 Masonry
46:14 Squires
46:31 Chain Mail Armor
47:23 Conscription
49:50 Chemistry
48:15 Elite Obuch
49:21 Lechitic Legacy
50:55 Crop Rotation
49:56 Winged Hussar
51:07 Capped Ram
This is Kawaii
10:48 Feudal Age
14:22 Castle Age
12:35 Horse Collar
12:44 Double-Bit Axe
15:30 Bow Saw
17:44 Scale Mail Armor
17:45 Gambesons
20:42 Loom
21:10 Squires
23:51 Chain Mail Armor
28:04 Arson
28:57 Wheelbarrow
32:52 Imperial Age
29:55 Pikeman
31:50 Forging
33:06 Town Watch
32:58 Halberdier
34:50 Plate Mail Armor
34:56 Iron Casting
36:10 Iron Casting
36:51 Onager
37:44 Heavy Plow
39:38 Blast Furnace
38:23 Siege Onager
40:05 Crop Rotation
40:18 Padded Archer Armor
40:09 Fletching
43:42 Siege Engineers
46:30 Heavy Scorpion
53:03 Bagains
大佑池酒
10:44 Feudal Age
14:39 Castle Age
12:57 Double-Bit Axe
13:38 Horse Collar
15:19 Loom
30:39 Wheelbarrow
36:00 Imperial Age
34:27 Fortified Wall
34:53 Bow Saw
34:48 Pikeman
35:26 Gold Mining
35:51 Scale Mail Armor
36:52 Chain Mail Armor
36:48 Forging
37:36 Block Printing
38:31 Chemistry
38:16 Conscription
38:15 Halberdier
38:56 Squires
40:44 Forging
AiM | CyclopsTron
5:35 Loom
8:47 Feudal Age
9:20 Double-Bit Axe
10:31 Fletching
18:50 Wheelbarrow
19:24 Horse Collar
23:07 Castle Age
22:30 Stone Mining
23:50 Bodkin Arrow
31:01 Bow Saw
34:29 Town Watch
37:34 Stone Shaft Mining
36:53 Gold Mining
38:25 Pikeman
39:39 Squires
40:40 Scale Mail Armor
43:51 Imperial Age
41:42 Fortified Wall
42:10 Masonry
42:52 Chain Mail Armor
43:36 Hand Cart
45:03 Plate Mail Armor
45:35 Chemistry
45:01 Forging
44:19 Halberdier
45:29 Siege Engineers
45:59 Conscription
47:25 Iron Casting
50:08 Heavy Plow
51:29 Crop Rotation
51:26 Crenellations
51:12 Arson
52:38 Two-Man Saw
52:30 Iron Casting
52:26 Ironclad
TQLeo
10:05 Feudal Age
14:01 Castle Age
12:45 Double-Bit Axe
12:41 Horse Collar
15:15 Town Watch
15:42 Bow Saw
17:26 Loom
18:24 Wheelbarrow
27:10 Imperial Age
25:17 Heavy Plow
25:41 Scale Barding Armor
26:32 Bloodlines
26:45 Chain Barding Armor
26:36 Forging
27:40 Cavalier
29:08 Iron Casting
29:57 Plate Barding Armor
29:55 Husbandry
31:30 Blast Furnace
31:25 Conscription
33:15 Coinage
33:05 Paladin
36:58 Hand Cart
39:04 Banking
38:32 Elite Skirmisher
39:24 Thumb Ring
40:29 Chemistry
39:53 Fletching
41:16 Two-Man Saw
40:59 Ballistics
40:42 Padded Archer Armor
40:38 Bodkin Arrow
41:14 Light Cavalry
42:11 Leather Archer Armor
41:56 Bracer
44:01 Ring Archer Armor
44:29 Hussar
45:11 Scale Mail Armor
45:43 Squires
46:12 Supremacy
46:52 Herbal Medicine
47:25 Masonry
50:29 Pikeman
52:28 Gold Mining
52:30 Stone Mining
52:35 Elite Conquistador
GABO
10:34 Feudal Age
14:06 Castle Age
14:02 Gold Mining
18:41 Sanctity
18:32 Fervor
20:56 Redemption
27:52 Horse Collar
31:20 Wheelbarrow
30:32 Town Watch
32:08 Heavy Plow
35:36 Imperial Age
32:53 Loom
33:16 Stone Mining
34:34 Gold Shaft Mining
35:22 Hand Cart
35:48 Scale Mail Armor
35:58 Forging
35:46 Capped Ram
35:49 Pikeman
35:51 Man-at-Arms
36:51 Squires
36:39 Gambesons
36:42 Arson
37:39 Chain Mail Armor
38:00 Iron Casting
36:52 Long Swordsman
37:44 Two-Handed Swordsman
38:31 Champion
42:08 Plate Mail Armor
42:47 Blast Furnace
42:01 Halberdier
45:39 Conscription
50:17 Elite Arambai
GB | Renzo
4:34 Double-Bit Axe
7:05 Horse Collar
11:43 Feudal Age
15:22 Castle Age
14:38 Bow Saw
18:55 Husbandry
20:02 Light Cavalry
22:20 Wheelbarrow
21:30 Town Watch
25:01 Gold Mining
26:37 Loom
28:04 Hand Cart
28:17 Scale Barding Armor
28:24 Forging
31:44 Imperial Age
28:36 Cavalier
31:10 Chain Barding Armor
31:25 Iron Casting
32:15 Two-Man Saw
31:13 Stone Mining
31:42 Heavy Plow
33:11 Plate Barding Armor
32:55 Paladin
35:26 Masonry
34:56 Treadmill Crane
36:19 Conscription
38:15 Hoardings
39:15 Stone Shaft Mining
39:16 Gold Shaft Mining
39:56 Chemistry
40:47 Blast Furnace
39:48 Padded Archer Armor
40:10 Ballistics
40:20 Architecture
41:01 Architecture
40:22 Elite Coustillier
42:55 Crop Rotation
44:55 Burgundian Vineyards
45:53 Scale Mail Armor
46:09 Leather Archer Armor
46:27 Coinage
49:49 Fletching
50:16 Chain Mail Armor
Connection lost

Rejoining the realm…

Still unreachable

The connection could not be restored.

Session expired

The server has moved on; the page needs a fresh start.